 Dungeon Crawl Stone Soup version 0.28.0-45-g0d030f2227 (webtiles) character file.

Game seed: 2836966079759940253

2111 Thorstein the Slasher (level 9, -9/67 HPs)
             Began as a Human Fighter on Apr 10, 2022.
             Was a Priest of Ignis.
             Mangled by a gnoll sergeant
             ... wielding a +2 vampiric spear
              (12 damage)
             ... on level 7 of the Dungeon.
             The game lasted 00:34:49 (5815 turns).

Thorstein the Slasher (Human Fighter)               Turns: 5815, Time: 00:34:49

Health: -9/67      AC:  9    Str: 18    XL:     9   Next: 53%
Magic:  9/9        EV: 15    Int: 10    God:    Ignis [***...]
Gold:   289        SH:  5    Dex: 14    Spells: 8/8 levels left

rFire   + + .      SeeInvis .   B - +2 trident (vamp)
rCold   . . .      Faith    .   (no shield)
rNeg    . . .      Spirit   .   e - +2 scale mail {rF+}
rPois   .          Reflect  +   (no helmet)
rElec   .          Harm     .   (no cloak)
rCorr   +          Rampage  .   (no gloves)
Will    .....                   (no boots)
Stlth   +.........              f - amulet of reflection
HPRegen 0.21/turn               h - ring of resist corrosion
MPRegen 0.11/turn               x - +4 ring of evasion

@: attractive
A: no striking features
a: Renounce Religion, Fiery Armour, Foxfire Swarm, Rising Flame


You were on level 7 of the Dungeon.
You worshipped Ignis.
Ignis was most pleased with you.
You visited 2 branches of the dungeon, and saw 8 of its levels.

You collected 361 gold pieces.
You spent 72 gold pieces at shops.

Inventory:

Hand Weapons
 l - a +6 dire flail of holy wrath
 w - a +0 hunting sling
 B - a +2 vampiric trident (weapon)
Missiles
 k - 38 sling bullets
 s - 21 bolts
 t - 3 poisoned darts (quivered)
 u - a javelin
Armour
 c - a +0 buckler
 e - a +2 scale mail of fire resistance (worn)
Jewellery
 b - a ring of positive energy
 f - an amulet of reflection (around neck)
 h - a ring of resist corrosion (left hand)
 r - a ring of poison resistance
 x - a +4 ring of evasion (right hand)
Wands
 v - a wand of paralysis (3)
 y - a wand of charming (3)
Scrolls
 a - 3 scrolls of teleportation
 d - a scroll of fog
 m - a scroll of vulnerability
 n - a scroll of immolation
 q - a scroll of magic mapping
 D - a scroll of fear {unknown}
Potions
 g - a potion of flight {unknown}
 i - a potion of degeneration {unknown}
 j - a potion of cancellation {unknown}
 o - a potion of brilliance {unknown}
 p - a potion of attraction
 z - a potion of heal wounds {unknown}
 A - a potion of haste


   Skills:
 * Level 4.8 Fighting
 * Level 6.0 Long Blades
 * Level 2.1 Maces & Flails
 * Level 1.3 Polearms
 * Level 2.3(3.0) Slings
 * Level 2.6(3.1) Throwing
 * Level 5.3 Armour
 * Level 3.2 Dodging
 * Level 3.8 Stealth
 * Level 5.3 Shields
 * Level 1.5 Evocations


You had 8 spell levels left.
You didn't know any spells.
Your spell library was empty.

Dungeon Overview and Level Annotations

Branches:
Dungeon (7/15)             Temple (1/1) D:6

Altars:
Ashenzari
Cheibriados
Dithmenos
Elyvilon
Gozag
Hepliaklqana
Kikubaaqudgha
Nemelex Xobeh
Okawaru
Ru
Trog
Uskayaw
Vehumet
Xom
Yredelemnul
Zin
The Shining One
Ignis

Shops:
D:6 ?


Message History

The gnoll misses you.
The water moccasin bites you but does no damage.
Your Long Blades skill increases to level 6!
You closely miss the water moccasin.
The water moccasin is moderately wounded.
You block the gnoll's attack.
The gnoll sergeant hits you from afar with a +2 vampiric spear.
* * * LOW HITPOINT WARNING * * *
Your gnoll closely misses the water moccasin.
The water moccasin bites you but does no damage.
The gnoll hits you from afar with a +0 halberd!
* * * LOW HITPOINT WARNING * * *
The gnoll sergeant completely misses you.
It was a potion of attraction.
You feel attractive to monsters. The water moccasin closely misses you.
Your gnoll hits the water moccasin with a +0 whip.
Your gnoll hits the water moccasin with a +2 whip of electrocution.
The water moccasin closely misses you. The gnoll barely misses you.
The gnoll sergeant hits you from afar with a +2 vampiric spear!
* * * LOW HITPOINT WARNING * * *
The gnoll sergeant is attracted toward you.
The gnoll is attracted toward you.
It was a potion of curing.
You feel better.
Your gnoll hits the water moccasin with a +0 whip.
Your gnoll hits the water moccasin with a +2 whip of electrocution.
The water moccasin bites you but does no damage.
The gnoll misses you. You block the gnoll sergeant's attack.
Unknown command.
You barely miss the water moccasin.
The water moccasin is almost dead.
The water moccasin bites you!
* * * LOW HITPOINT WARNING * * *
Your gnoll barely misses the water moccasin.
Your gnoll hits the water moccasin with a +2 whip of electrocution.
Lightning courses through the water moccasin!
The water moccasin dies!
The gnoll completely misses you.
The gnoll sergeant hits you with a +2 vampiric spear!
You die...

..# ..# ...#
...#
######...###
####.$.........
......ggg......
#..g@†......
######"..###
...# ..# .# #


You could see a gnoll sergeant, a gnoll and 2 friendly gnolls.

Vanquished Creatures
  Grinder (D:6)
  Prince Ribbit (D:5)
  Edmund (D:4)
  Duvessa (D:5)
  A hornet zombie (D:6)
  3 ogres
  3 bullfrogs
  3 scorpions (D:6)
  2 water moccasin zombies
  A water moccasin skeleton (D:6)
  Dowan (D:5)
  A centaur zombie (D:3)
  2 hounds
  3 jellies
  A centaur skeleton (D:6)
  A gnoll shaman (D:4)
  2 iguanas
  Terence (D:2)
  2 hound skeletons (D:4)
  A howler monkey skeleton (D:2)
  7 gnolls
  11 adders
  A white imp (D:6)
  An ufetubus (D:3)
  3 worms
  4 dart slugs
  7 orcs
  3 ball pythons
  6 endoplasms
  8 giant cockroaches
  5 goblins
  2 hobgoblins
  4 jackals (D:4)
  6 quokkas
  4 bats (D:2)
  2 frilled lizards (D:1)
  6 kobolds
  4 rats
116 creatures vanquished.

Vanquished Creatures (collateral kills)
  A water moccasin (D:7)
1 creature vanquished.

Vanquished Creatures (others)
  24 foxfires
24 creatures vanquished.

Grand Total: 141 creatures vanquished

Notes
Turn   | Place    | Note
-------+----------+-------------------------------------------
     0 | D:1      | Thorstein the Human Fighter began the quest for the Orb.
     0 | D:1      | Reached XP level 1. HP: 18/18 MP: 1/1
   272 | D:1      | Reached XP level 2. HP: 16/24 MP: 2/2
   482 | D:1      | Reached XP level 3. HP: 18/29 MP: 3/3
   868 | D:2      | Noticed Terence
   875 | D:2      | Killed Terence
   876 | D:2      | Reached skill level 1 in Stealth
   910 | D:2      | Reached XP level 4. HP: 32/35 MP: 4/4
   996 | D:2      | Found a faded altar of an unknown god.
  1007 | D:2      | Reached skill level 3 in Long Blades
  1007 | D:2      | Reached skill level 1 in Dodging
  1038 | D:2      | Prayed at the altar of an unknown god.
  1038 | D:2      | Became a worshipper of Ignis, the Dying Flame
  1196 | D:2      | Reached XP level 5. HP: 41/41 MP: 5/5
  1524 | D:2      | Found a hazy altar of Hepliaklqana.
  1761 | D:3      | Found Veomiob's Book Shop.
  1979 | D:3      | Reached XP level 6. HP: 43/47 MP: 6/6
  2296 | D:4      | Noticed an ogre
  2308 | D:4      | Killed an ogre
  2309 | D:4      | Reached skill level 4 in Long Blades
  2348 | D:4      | Reached XP level 7. HP: 43/53 MP: 7/7
  2631 | D:4      | Reached skill level 1 in Throwing
  2957 | D:4      | Found a bloodstained altar of Trog.
  3048 | D:4      | Noticed Edmund
  3061 | D:4      | Killed Edmund
  3062 | D:4      | Reached XP level 8. HP: 13/60 MP: 8/8
  3483 | D:5      | Entered Level 5 of the Dungeon
  3498 | D:5      | Noticed Duvessa
  3499 | D:5      | Noticed Dowan
  3508 | D:5      | Killed Duvessa
  3509 | D:5      | Reached skill level 5 in Long Blades
  3529 | D:5      | Killed Dowan
  3634 | D:5      | Noticed Prince Ribbit
  3638 | D:5      | Found a snail-covered altar of Cheibriados.
  3646 | D:5      | Killed Prince Ribbit
  3838 | D:5      | Found an opulent altar of Gozag.
  4221 | D:6      | Found Pidghiugiw's Magic Scroll Emporium.
  4235 | D:6      | Bought a scroll of identify for 24 gold pieces
  4235 | D:6      | Bought a scroll of identify for 24 gold pieces
  4235 | D:6      | Bought a scroll of identify for 24 gold pieces
  4340 | D:6      | Reached skill level 5 in Shields
  4370 | D:6      | Reached skill level 1 in Maces & Flails
  4370 | D:6      | Reached skill level 5 in Armour
  4437 | D:6      | Reached XP level 9. HP: 66/66 MP: 9/9
  4476 | D:6      | Reached skill level 1 in Slings
  4705 | D:6      | Noticed Grinder
  4720 | D:6      | Paralysed by Grinder for 7 turns
  4731 | D:6      | Paralysed by Grinder for 5 turns
  4737 | D:6      | Killed Grinder
  4738 | D:6      | Reached skill level 1 in Polearms
  4738 | D:6      | Reached skill level 1 in Evocations
  5061 | D:6      | Found a staircase to the Ecumenical Temple.
  5090 | Temple   | Entered the Ecumenical Temple
  5514 | D:6      | Found a hide-covered altar of Uskayaw.
  5812 | D:7      | Reached skill level 6 in Long Blades
  5813 | D:7      | HP: 2/67 [gnoll sergeant/+2 vampiric spear (7)]
  5815 | D:7      | Mangled by a gnoll sergeant

Illustrated notes

Levels and vault maps discovered:
D:1:      lemuel_arrival_behind_the_door_small, layout_basic, st_stairs_14
D:2:      layout_loops_ring, ebering_ecumenical_altar_sacrificial, basic_altar,
          uniq_terence
D:3:      layout_basic, serial_shops, shop, minmay_tree_intersection
D:4:      layout_loops_cross, trog_book, nicolae_figureground_pulse, uniq_edmund
D:5:      layout_gridville, nicolae_gozag_cash_rules_everything_around_me,
          cheibriados_altar_1, uniq_duvessa, uniq_prince_ribbit1
D:6:      kennysheep_spiral_hall, layout_basic, kennysheep_mini_moat,
          minmay_temple_entry_junction_2, serial_shops,
          nicolae_shop_hallway_plus, uniq_grinder
D:7:      layout_loops_cross
Temple:   nicolae_temple_figure_eight

Skill      XL: |  1  2  3  4  5  6  7  8  9 |
---------------+----------------------------+-----
Stealth        | 1 2 3 |  3.8
Long Blades    | 3 4 5 6 |  6.0
Dodging        | 1 2 3 |  3.2
Armour         | 4 5 |  5.3
Throwing       | 1 2 |  2.6
Shields        | 4 5 |  5.3
Fighting       | 4 |  4.8
Maces & Flails | 1 2 |  2.1
Slings         | 2 |  2.3
Polearms       | 1 |  1.3
Evocations     | 1 |  1.5

Action                   |  1- 3 |  4- 6 |  7- 9 || total
-------------------------+-------+-------+-------++-------
Melee: Long sword        |    63 |   149 |    95 ||   307
       Unarmed           |       |       |    35 ||    35
       Dire flail        |       |       |    43 ||    43
       Trident           |       |       |    45 ||    45
       Punch             |       |       |     1 ||     1
 Fire: Hunting sling     |       |       |    44 ||    44
Throw: Javelin           |       |     9 |     9 ||    18
       Dart              |       |       |    11 ||    11
Invok: Fiery Armour      |       |     1 |     1 ||     2
       Foxfire Swarm     |       |       |     2 ||     2
Evoke: Wand              |       |       |     5 ||     5
  Use: Scroll            |     1 |     2 |     7 ||    10
       Potion            |     1 |     1 |     3 ||     5
 Stab: Paralysed         |       |       |     3 ||     3
Armor: Scale mail        |    31 |    60 |    85 ||   176
Dodge: Dodged            |    33 |    56 |   145 ||   234
Block: Buckler           |    18 |    79 |    71 ||   168
       Reflection        |       |     3 |     1 ||     4
       Other             |       |       |    23 ||    23
